 Dungeon Crawl Stone Soup version 0.18-a0-23-g19353e1 (webtiles) character file.

224 tp1 the Conjurer (level 5, 0/28 HPs)
             Began as a Deep Elf Fire Elementalist on Nov 2, 2015.
             Killed from afar by an orc wizard (11 damage)
             ... with a puff of flame
             ... on level 4 of the Dungeon.
             The game lasted 00:16:51 (2451 turns).

tp1 the Conjurer (Deep Elf Fire Elementalist)       Turns: 2451, Time: 00:16:51

Health: 0/28       AC:  3    Str:  5    XL:     5   Next: 67%
Magic:  0/11       EV: 13    Int: 21    God:
Gold:   178        SH:  0    Dex: 15    Spells: 3 memorised, 3 levels left

rFire  . . .     SeeInvis .     u - -2 hand axe (curse)
rCold  + . .     Clarity  .     a - +0 robe
rNeg   . . .     SustAt   .     (no shield)
rPois  .         Gourm    .     p - +0 helmet (curse)
rElec  .         Spirit   .     (no cloak)
rCorr  +         Warding  .     (no gloves)
rMut   .         Stasis   .     (no boots)
MR     .....                    v - amulet of resist corrosion
Stlth  ++........               (no ring)
                                t - ring of protection from cold

@: not resistant to hostile enchantments, unstealthy
A: no striking features
a: no special abilities


You were on level 4 of the Dungeon.
You were not hungry.

You visited 1 branch of the dungeon, and saw 4 of its levels.

You collected 178 gold pieces.

Inventory:

Hand Weapons
 k - a +0 short sword
 u - a cursed -2 hand axe (weapon)
 w - a +0 quarterstaff
Armour
 a - a +0 robe (worn)
 l - a +0 ring mail of cold resistance
 p - a cursed +0 helmet (worn)
Jewellery
 i - an uncursed amulet of regeneration
 t - a ring of protection from cold (left hand)
 v - an amulet of resist corrosion (around neck)
Scrolls
 d - 2 scrolls of magic mapping {unknown}
 h - 4 scrolls of identify {unknown}
 j - 2 scrolls of remove curse {unknown}
 n - a scroll of recharging {unknown}
 q - a scroll of enchant weapon {unknown}
 r - a scroll of random uselessness {unknown}
Potions
 e - a potion of might {unknown}
 f - a potion of agility {unknown}
 g - a potion of resistance {unknown}
 o - a potion of cancellation {unknown}
 s - a potion of lignification {unknown}
 x - a potion of curing {unknown}
Books
 b - a book of Flames

   Spells                             Type                      Level
   a - Flame Tongue                   Conjuration/Fire             1
   b - Throw Flame                    Conjuration/Fire             2
   c - Conjure Flame                  Conjuration/Fire             3
   d - Inner Flame                    Hexes/Fire                   3
   e - Sticky Flame                   Conjuration/Fire             4
   f - Fireball                       Conjuration/Fire             5
Comestibles
 c - 2 bread rations
 m - a royal jelly
 z - a beef jerky


   Skills:
 - Level 2.4 Dodging
 - Level 2.4 Stealth
 - Level 3.0 Spellcasting
 - Level 5.5 Conjurations
 + Level 4.3 Fire Magic


You had 3 spell levels left.
You knew the following spells:

 Your Spells              Type           Power        Failure   Level  Hunger
a - Flame Tongue          Conj/Fire      ###..        1%          1    None
b - Conjure Flame         Conj/Fire      ###.....     6%          3    ###....
c - Inner Flame           Hex/Fire       ##......     21%         3    ###....


Dungeon Overview and Level Annotations

Branches:
Dungeon (4/15)
 Temple: D:4-7

Altars:
Ashenzari
Ru
The Shining One

Annotations:
D:3 Sigmund


Message History

You don't have enough magic to cast that spell.
You barely miss something. Something hits you but does no damage.
Casting: Flame Tongue
Confirm with . or Enter, or press ? or * to list all spells.
You can't see any susceptible monsters within range! (Use Z to cast anyway.)
Casting: Flame Tongue
Confirm with . or Enter, or press ? or * to list all spells.
You can't see any susceptible monsters within range! (Use Z to cast anyway.)
Casting: Flame Tongue
Confirm with . or Enter, or press ? or * to list all spells.
Aiming: Flame Tongue
Press: ? - help, Shift-Dir - straight line The flame tongue hits something.
You hear some strange, mumbled words.
Something tries to affect you, but you resist.
You closely miss something.
You hear some strange, mumbled words.
A puff of flame appears from out of thin air!
The puff of flame hits you!
You die...

....... ..... ... # ##'#
#.####..########
.......).......#
.......).......#
.......{.......#
>......@.......# .
...............#
.###+##########...##....#
.............##...##....#
#............#....##....#
#............#....##....#
#............#....#.....#
#............#....#.....#
#............#....#.....#


There were no monsters in sight!

Vanquished Creatures
  A scorpion (D:4)
  An orc priest (D:4)
  Natasha (D:3)
  An iguana (D:4)
  5 adders
  3 oozes
  A worm (D:2)
  3 orcs (D:4)
  3 bats
  4 hobgoblins
  A quokka (D:4)
  A ball python (D:1)
  2 giant cockroaches
  3 giant geckos
  3 giant newts
  5 goblins
  4 kobolds
  4 rats
46 creatures vanquished.

Notes
Turn   | Place    | Note
--------------------------------------------------------------
     0 | D:1      | tp1 the Deep Elf Fire Elementalist began the quest for the Orb.
     0 | D:1      | Reached XP level 1. HP: 10/10 MP: 6/6
   199 | D:1      | Reached XP level 2. HP: 15/15 MP: 5/8
   464 | D:1      | Found a glowing golden altar of the Shining One.
   546 | D:1      | Found a glowing golden altar of the Shining One.
  1070 | D:2      | Reached XP level 3. HP: 10/19 MP: 0/9
  1294 | D:2      | Found a sacrificial altar of Ru.
  1536 | D:2      | Reached skill level 4 in Conjurations
  1823 | D:3      | Reached XP level 4. HP: 21/24 MP: 5/10
  1841 | D:3      | Found a shattered altar of Ashenzari.
  1943 | D:3      | Noticed Sigmund
  1950 | D:3      | Learned a level 3 spell: Conjure Flame
  1954 | D:3      | Learned a level 3 spell: Inner Flame
  1963 | D:3      | Noticed Natasha
  1966 | D:3      | Killed Natasha
  2111 | D:4      | Reached skill level 5 in Conjurations
  2111 | D:4      | Reached XP level 5. HP: 28/28 MP: 5/11
  2451 | D:4      | Killed from afar by an orc wizard

Vault maps used:
D:1:      minmay_arrival_plants_in_alcoves, st_stairs_4, tso_metal_star
D:2:      overflow_temple_1_default
D:3:      lemuel_crystal_altar, guppyfry_early_orc_mine, uniq_natasha,
          uniq_grinder, uniq_sigmund
D:4:      hangedman_abyss_or_decor_passed, uniq_menkaure

Action                   |  1- 3 |  4- 6 || total
-------------------------+-------+-------++-------
Melee: Hand axe          |       |     5 ||     5
 Cast: Flame Tongue      |    61 |    32 ||    93
       Conjure Flame     |       |     2 ||     2
       Inner Flame       |       |     2 ||     2
  Eat: Chunk             |     3 |     2 ||     5
